 Dungeon Crawl Stone Soup version 0.29.1-1-gd02db6906a (webtiles) character file.

Game seed: 8956624897901811944

1105 Zeld the Cleaver (level 8, 0/70 HPs)
             Began as a Minotaur Berserker on Oct 7, 2022.
             Was a Priest of Trog.
             Slain by a killer bee (1 damage)
             ... on level 6 of the Dungeon.
             The game lasted 00:04:14 (4298 turns).

Zeld the Cleaver (Minotaur Berserker)               Turns: 4298, Time: 00:04:15

Health: 0/70       AC:  2    Str: 24    XL:     8   Next: 11%
Magic:  7/7        EV: 13    Int:  4    God:    Trog [***...]
Gold:   323        SH:  0    Dex: 10    Spells: 7/7 levels left

rFire   + . .      SeeInvis .   a - +0 war axe
rCold   + . .      Faith    .   (no shield)
rNeg    . . .      Spirit   .   b - +0 animal skin
rPois   +          Reflect  .   (helmet restricted)
rElec   +          Harm     .   (no cloak)
rCorr   +          Rampage  .   (no gloves)
Will    ++...                   (no boots)
Stlth   +.........              i - amulet of regeneration
HPRegen 2.01/turn               (no ring)
MPRegen 0.10/turn               (no ring)

@: lethally poisoned (0 -> -1), resistant, strong-willed, on berserk cooldown,
regenerating, slowed, very slow
A: horns 2, retaliatory headbutt
a: Renounce Religion, Berserk, Trog's Hand


You were on level 6 of the Dungeon.
You worshipped Trog.
Trog was most pleased with you.
You visited 1 branch of the dungeon, and saw 6 of its levels.

You collected 323 gold pieces.

Inventory:

Hand Weapons
 a - a +0 war axe (weapon)
Missiles
 f - 4 datura-tipped darts (quivered)
 n - 4 poisoned darts
Armour
 b - a +0 animal skin (worn)
Jewellery
 i - an amulet of regeneration (around neck)
 x - a +4 ring of evasion
Wands
 v - a wand of polymorph (13)
Scrolls
 c - a scroll of amnesia {unknown}
 d - 6 scrolls of identify {unknown}
 e - 4 scrolls of poison {unknown}
 h - a scroll of summoning {unknown}
 l - a scroll of teleportation {unknown}
 o - a scroll of torment {unknown}
 r - a scroll of butterflies {unknown}
 s - 2 scrolls of blinking {unknown}
 w - a scroll of noise {unknown}
Potions
 g - a potion of flight {unknown}
 j - a potion of resistance
 k - 2 potions of lignification {unknown}
 m - 2 potions of heal wounds {unknown}
 p - a potion of mutation {unknown}
 q - a potion of cancellation {unknown}
 t - a potion of brilliance {unknown}
 u - a potion of magic {unknown}


   Skills:
 + Level 6.2 Fighting
 * Level 8.1 Axes
 + Level 5.6 Armour
 + Level 5.0 Dodging


You had 7 spell levels left.
You didn't know any spells.
Your spell library was empty.

Dungeon Overview and Level Annotations

Branches:
Dungeon (6/15)
 Temple: D:4-7

Altars:
Elyvilon
Makhleb
Okawaru
Zin
The Shining One

Shops:
D:1 =

Annotations:
D:4 1 runed translucent door, LustLizard's ghost, novice DsFi


Innate Abilities, Weirdness & Mutations

You have a pair of horns on your head.
You reflexively headbutt those who attack you in melee.


Message History

The killer bee stings you but does no damage.
The killer bee stings you!
You are poisoned.
The killer bee poisons you!
You climb downwards.
You feel very sick.
There is a stone staircase leading up here.
Unknown command.
Unknown command.
Your skin crawls.
You feel strong-willed.
You can no longer call in reinforcements.
You feel very sick. The killer bee closely misses you.
The killer bee barely misses you. You furiously retaliate!
You headbutt the killer bee! The killer bee barely misses you.
The killer bee stings you!
* * * LOW HITPOINT WARNING * * *
You are more poisoned.
The killer bee poisons you! The killer bee stings you.
* * * LOW HITPOINT WARNING * * *
The killer bee barely misses you.
Unknown command.
Okay, then.
Unknown command.
Unknown command.
Unknown command.
Okay, then.
Unknown command.
It was a potion of resistance.
You feel protected.
You feel very sick.
The killer bee stings you but does no damage.
The killer bee stings you.
* * * LOW HITPOINT WARNING * * *
The killer bee barely misses you. You furiously retaliate!
You headbutt the killer bee. The killer bee stings you.
* * * LOW HITPOINT WARNING * * *
The orc priest casts a cantrip, but nothing happens.
The killer bee stings you.
You die...

... ..#
#### ..#
....#
#o##.....
#.....#.#
#........
#.y.....#
#@y...#
#######


You could see 2 killer bees and an orc priest.

Vanquished Creatures
  Grinder (D:4)
  Sigmund (D:4)
  A black bear (D:5)
  An ice beast (D:5)
  An ogre (D:5)
  Blork the orc (D:4)
  A hound (D:4)
  An orc priest (D:3)
  2 orc wizards (D:5)
  Natasha (twice) (D:4)
  7 gnolls
  8 adders
  2 worms (D:3)
  2 dart slugs
  8 orcs
  6 bats
  7 endoplasms
  4 giant cockroaches
  9 goblins
  12 hobgoblins
  5 jackals
  7 quokkas
  8 ball pythons
  6 frilled lizards
  9 kobolds
  4 rats
116 creatures vanquished.

Vanquished Creatures (others)
  2 plants (D:3)
2 creatures vanquished.

Grand Total: 118 creatures vanquished

Notes
Turn   | Place    | Note
-------+----------+-------------------------------------------
     0 | D:1      | Zeld the Minotaur Berserker began the quest for the Orb.
     0 | D:1      | Reached XP level 1. HP: 19/19 MP: 0/0
    79 | D:1      | Reached XP level 2. HP: 7/27 MP: 1/1
    83 | D:1      | Reached skill level 4 in Axes
    90 | D:1      | HP: 2/40 [hobgoblin (2)]
   409 | D:1      | Reached ** piety under Trog
   512 | D:1      | Found Sucobep's Jewellery Boutique.
   527 | D:1      | Reached XP level 3. HP: 33/33 MP: 2/2
   641 | D:1      | Found a faded altar of an unknown god.
  1449 | D:2      | Identified the amulet of Kigra {Faith Str+3 Int+2}
  1514 | D:2      | Reached XP level 4. HP: 40/40 MP: 3/3
  2051 | D:3      | Reached skill level 5 in Axes
  2053 | D:3      | Reached *** piety under Trog
  2149 | D:3      | Reached XP level 5. HP: 45/47 MP: 4/4
  3029 | D:4      | Noticed Grinder
  3035 | D:4      | Killed Grinder
  3036 | D:4      | Reached skill level 5 in Fighting
  3036 | D:4      | Reached skill level 6 in Axes
  3036 | D:4      | Reached XP level 6. HP: 56/56 MP: 5/5
  3148 | D:4      | Found a runed translucent door.
  3190 | D:4      | Noticed LustLizard's ghost (novice DsFi)
  3255 | D:4      | Noticed Natasha
  3263 | D:4      | Killed Natasha
  3268 | D:4      | Noticed Sigmund
  3281 | D:4      | Killed Sigmund
  3282 | D:4      | Reached skill level 7 in Axes
  3282 | D:4      | Reached XP level 7. HP: 51/61 MP: 6/6
  3329 | D:4      | Found a burning altar of Makhleb.
  3381 | D:4      | Noticed Blork the orc
  3391 | D:4      | Killed Blork the orc
  3392 | D:4      | Reached skill level 5 in Armour
  3561 | D:4      | Found a glowing golden altar of the Shining One.
  3563 | D:4      | Found a white marble altar of Elyvilon.
  3565 | D:4      | Found a glowing silver altar of Zin.
  3915 | D:4      | Noticed Natasha
  3927 | D:4      | Killed Natasha
  4078 | D:5      | Entered Level 5 of the Dungeon
  4152 | D:5      | Reached **** piety under Trog
  4174 | D:5      | Found an iron altar of Okawaru.
  4275 | D:5      | Reached skill level 8 in Axes
  4275 | D:5      | Reached skill level 5 in Dodging
  4275 | D:5      | Reached XP level 8. HP: 41/70 MP: 7/7
  4298 | D:6      | HP: 1/70 [killer bee (6)]
  4298 | D:6      | Slain by a killer bee

Illustrated notes

Levels and vault maps discovered:
D:1:      spicycebolla_arrival_xxxplode, layout_basic, serial_shops, shop,
          hellmonk_ecumenical_altar_dog_temple
D:2:      layout_loops_ring, minmay_randomly_rotated_circles
D:3:      layout_loops_ring, serial_forest, infiniplex_forest_straight_3,
          infiniplex_forest_clump_double, infiniplex_forest_lined_3,
          infiniplex_forest_clump_small, infiniplex_forest_straight_2,
          infiniplex_forest_end_3, infiniplex_forest_straight_4, st_stairs_10
D:4:      layout_layer_cave, good_gods_temple_1, mainiacjoe_overflow_catwalk,
          ebering_ghost_reflecting_pool, bh_walls_and_bars, uniq_natasha,
          uniq_sigmund, uniq_blork_the_orc, uniq_grinder
D:5:      layout_basic, mainiacjoe_overflow_alcove_2
D:6:      layout_basic, nicolae_overflow_crystal_walls,
          mainiacjoe_overflow_tiny_flanked, minmay_temple_entry_enclosed_plants,
          lightli_church_of_beogh

Skill      XL: |  1  2  3  4  5  6  7 |
---------------+----------------------+-----
Axes           | 4 5 6 7 8 |  8.1
Fighting       | 4 5 6 |  6.2
Armour         | 3 4 5 |  5.6
Dodging        | 3 4 5 |  5.0

Action                   |  1- 3 |  4- 6 |  7- 9 || total
-------------------------+-------+-------+-------++-------
Melee: Hand axe          |    75 |   108 |       ||   183
       Headbutt          |    10 |    18 |     6 ||    34
       Punch             |     1 |     1 |       ||     2
       War axe           |       |    15 |    55 ||    70
       Unarmed           |       |       |     5 ||     5
Invok: Berserk           |     1 |     3 |     1 ||     5
       Trog's Hand       |       |       |     1 ||     1
  Use: Potion            |       |       |     1 ||     1
Armor: Animal skin       |    14 |    22 |     9 ||    45
       Skin              |       |       |     4 ||     4
Dodge: Dodged            |    56 |    82 |    47 ||   185
